AoeStats
← infinityishan

Black Forest

510141060Analyzed
2v2 RM · 2d ago on Sep 29, 2026· 58m 57s· 4 players
Game mode
Random Map
Map size
Medium (4 player)
Population
200
Speed
Normal
Resources
Standard
Victory
Conquest
Starting age
Dark Age
Ending age
Imperial Age
RankedLock teamsTeams togetherTeam positionsShared explorationLock speedFull tech treeHidden civsTurbo modeCheats
Victory
Defeat
🇮🇹 Teutons · Italy
604
+18
🇹🇼 Turks · Taiwan
560
+21
🇮🇳 Byzantines · India
661
-28
🇮🇳 Teutons · India
645
-19
vasia003
0:40 Loom
13:53 Feudal Age
20:05 Castle Age
18:49 Horse Collar
18:57 Double-Bit Axe
32:54 Imperial Age
31:29 Bow Saw
33:42 Forging
33:38 Scale Barding Armor
33:14 Cavalier
34:18 Conscription
35:03 Iron Casting
35:52 Chain Barding Armor
35:00 Paladin
37:31 Blast Furnace
39:02 Plate Barding Armor
45:20 Wheelbarrow
45:19 Town Watch
45:49 Gold Mining
bogey4v4
0:43 Loom
12:06 Feudal Age
13:28 Wheelbarrow
14:08 Double-Bit Axe
22:13 Castle Age
20:24 Town Watch
25:28 Horse Collar
27:13 Heavy Plow
27:52 Fervor
30:06 Sanctity
30:23 Bow Saw
31:39 Treadmill Crane
32:09 Gold Mining
36:12 Imperial Age
35:07 Sipahi
36:18 Bloodlines
36:44 Scale Barding Armor
36:40 Scale Mail Armor
36:40 Padded Archer Armor
36:31 Fletching
36:55 Forging
38:32 Two-Man Saw
38:22 Conscription
39:01 Bombard Tower
38:42 Arrowslits
39:59 Gold Shaft Mining
39:56 Town Patrol
41:21 Chain Barding Armor
41:17 Chain Mail Armor
41:18 Leather Archer Armor
41:53 Ballistics
42:29 Hand Cart
42:53 Hoardings
43:08 Bodkin Arrow
44:19 Artillery
45:27 Elite Janissary
46:24 Caravan
50:48 Plate Barding Armor
50:43 Plate Mail Armor
50:44 Ring Archer Armor
50:14 Bracer
50:50 Iron Casting
50:36 Masonry
55:54 Parthian Tactics
55:29 Heavy Cavalry Archer
57:13 Architecture
56:41 Murder Holes
57:51 Blast Furnace
hangover
0:35 Loom
12:01 Feudal Age
12:29 Double-Bit Axe
12:34 Horse Collar
21:32 Castle Age
22:31 Man-at-Arms
22:58 Gambesons
23:13 Squires
23:00 Arson
26:20 Bow Saw
26:22 Heavy Plow
30:34 Caravan
31:04 Coinage
35:22 Imperial Age
35:58 Ballistics
35:49 Masonry
35:46 Siphons
38:35 Chemistry
37:25 Heated Shot
37:49 Fortified Wall
37:49 Siege Engineers
39:14 Banking
38:15 Pikeman
40:57 Crop Rotation
41:31 Two-Man Saw
40:49 Halberdier
44:20 Elite Teutonic Knight
45:26 Heavy Scorpion
52:58 Cavalier
infinityishan
3:42 Loom
13:22 Feudal Age
15:30 Wheelbarrow
19:34 Horse Collar
21:32 Double-Bit Axe
29:31 Scale Mail Armor
29:42 Forging
33:29 Man-at-Arms
33:55 Arson
37:08 Castle Age
38:09 Hand Cart
37:59 Heavy Plow
38:13 Bow Saw
37:57 Gambesons
38:13 Squires
39:17 Long Swordsman
40:35 Chain Mail Armor
40:56 Iron Casting
42:15 Padded Archer Armor
42:05 Fletching
44:29 Leather Archer Armor
44:10 Bodkin Arrow
44:22 Scale Barding Armor
45:04 Gold Mining
45:06 Stone Mining
45:03 Elite Skirmisher
47:50 Chain Barding Armor
Connection lost

Rejoining the realm…

Still unreachable

The connection could not be restored.

Session expired

The server has moved on; the page needs a fresh start.